 Dungeon Crawl Stone Soup version 0.19.1 (webtiles) character file.

33 Kailar the Poker (level 3, 27/30 HPs)
             Began as a Ghoul Gladiator on Nov 28, 2016.
             Was a Follower of Jiyva.
             Quit the game on level 2 of the Dungeon.
             The game lasted 00:17:25 (963 turns).

Kailar the Poker (Ghoul Gladiator)                   Turns: 963, Time: 00:17:25

Health: 27/30      AC: 11    Str: 19    XL:     3   Next: 29%
Magic:  2/2        EV:  6    Int:  3    God:    Jiyva [*.....]
Gold:   87         SH:  0    Dex:  9    Spells: 0 memorised, 2 levels left

rFire  . . .     SeeInvis .     a - +0 trident
rCold  + . .     Gourm    .     r - +0 plate armour
rNeg   + + +     Faith    .     (no shield)
rPois  ∞         Spirit   .     c - +0 helmet
rElec  .         Reflect  .     (no cloak)
rCorr  .         Harm     .     (no gloves)
MR     .....                    (no boots)
Stlth  ..........               (no amulet)
                                (no ring)
                                (no ring)

@: rotting
A: rotting body, claws 1, carnivore 3, cold resistance 1, negative energy
resistance 3, slow regeneration 1, torment resistance, unbreathing
a: Request Jelly, Renounce Religion


You were on level 2 of the Dungeon.
You worshipped Jiyva.
Jiyva was aware of your devotion.
You were not hungry.

You visited 1 branch of the dungeon, and saw 2 of its levels.

You collected 87 gold pieces.

Inventory:

Hand Weapons
 a - a +0 trident (weapon)
 e - a +0 dagger
 g - a +0 short sword
 i - a +0 club
 j - a +0 dagger
 o - a +0 short sword
 q - a +0 club
 u - a +0 short sword
 v - a +0 club
 w - a +0 hunting sling
 x - a +0 whip
 y - a +0 whip
 A - a +0 club
 C - a +0 short sword
Missiles
 d - a throwing net (quivered)
 k - 38 arrows
 l - 19 sling bullets
 m - 27 poisoned needles
 n - 8 stones
Armour
 b - a +0 leather armour
 c - a +0 helmet (worn)
 h - a +0 robe
 r - a +0 plate armour (worn)
 s - a +0 ring mail
Scrolls
 z - a scroll of enchant armour {unknown}
Potions
 p - a potion of ambrosia {unknown}
 t - a potion of might {unknown}
Comestibles
 f - a meat ration
 B - 7 chunks of flesh


   Skills:
 + Level 2.5 Fighting
 + Level 3.2 Polearms
 + Level 2.0 Throwing
 + Level 0.1 Armour
 + Level 3.1 Dodging


You had 2 spell levels left.
You didn't know any spells.

Dungeon Overview and Level Annotations

Branches:
Dungeon (2/15)

Altars:
Jiyva


Innate Abilities, Weirdness & Mutations

Your body is rotting away.
You thrive on raw meat.
You are immune to poison.
You have sharp fingernails.
You are carnivorous and can eat meat at any time.
Your flesh is cold resistant. (rC+)
You are immune to negative energy. (rN+++)
You regenerate slowly when monsters are visible.
You are immune to unholy pain and torment.
You can survive without breathing.


Message History

The bat closely misses you.
You barely miss the bat.
The bat is moderately wounded.
The bat hits you but does no damage. The bat hits you but does no damage.
The bat hits you.
You hit the bat.
You kill the bat!
B - 7 chunks of flesh (gained 4)
You see here a hobgoblin skeleton.
There are no objects that can be picked up here. a hobgoblin skeleton
Found a stone staircase leading up.
You hear a slurping noise.
Jiyva appreciates your sacrifice.
Unknown command.
Welcome back, Kailar the Ghoul Gladiator.
Slime for the Slime God!
Press ? for a list of commands and other information.
Unknown command.
Are you sure you want to abandon this character and quit the game? (Confirm with "yes".)

#.## #.# #... #.# ####
#.# #.# ##.## ##...##
####.....#########
#@................
....<...##...J.#########
#.............##
###############


You could see a neutral jelly (fellow slime).

Vanquished Creatures
  A dart slug (D:2)
  2 leopard geckos (D:1)
  4 bats
  2 goblins (D:1)
  5 hobgoblins
  3 jackals (D:1)
  5 kobolds
  A ball python (D:2)
  2 frilled lizards
25 creatures vanquished.

Vanquished Creatures (others)
  A rat (D:2)
1 creature vanquished.

Grand Total: 26 creatures vanquished

Notes
Turn   | Place    | Note
-------+----------+-------------------------------------------
     0 | D:1      | Kailar the Ghoul Gladiator began the quest for the Orb.
     0 | D:1      | Reached XP level 1. HP: 17/17 MP: 0/0
   232 | D:2      | Reached XP level 2. HP: 25/25 MP: 1/1
   730 | D:1      | Reached XP level 3. HP: 28/30 MP: 2/2
   864 | D:2      | Found a faded altar of an unknown god.
   869 | D:2      | Became a worshipper of Jiyva Jeqoy the Shapeless
   869 | D:2      | Reached * piety under Jiyva
   963 | D:2      | Quit the game

Skill      XL: |  1  2 |
---------------+-------+-----
Throwing       | 2 |  2.0
Dodging        | 3 |  3.1
Polearms       | 3 |  3.2
Fighting       | |  2.5
Armour         | |  0.1

Action                   || total
-------------------------++-------
Melee: Trident           ||   102
Throw: Throwing net      ||     2
  Eat: Chunk             ||     5
Armor: Leather armour    ||    18
       Plate armour      ||    69
Dodge: Dodged            ||    66
